 Dungeon Crawl Stone Soup version 0.20.1-1-g8b1a95d (webtiles) character file.

2589 Ijustatesigmund the Cleaver (level 9, -17/124 HPs)
             Began as a Hill Orc Fighter on Sept 15, 2017.
             Was an Initiate of Cheibriados.
             Demolished by flestrin's ghost (23 damage)
             ... on level 8 of the Dungeon.
             The game lasted 00:20:31 (7745 turns).

Ijustatesigmund the Cleaver (Hill Orc Fighter)      Turns: 7745, Time: 00:20:32

Health: -17/124    AC: 17    Str: 30    XL:     9   Next: 58%
Magic:  12/12      EV: 12    Int:  9    God:    Cheibriados [......]
Gold:   333        SH: 13    Dex: 21    Spells: 8/8 levels left

rFire    + . .     SeeInvis .   a - +1 war axe
rCold    + . .     Gourm    .   c - +1 shield
rNeg     . . .     Faith    .   v - +3 chain mail {rPois}
rPois    +         Spirit   .   d - +2 helmet of Jigsaw {rCorr Str+5}
rElec    +         Reflect  .   (no cloak)
rCorr    +         Harm     .   (no gloves)
MR       .....                  (no boots)
Stlth    ..........             (no amulet)
Regen    0.3/turn               h - ring of poison resistance
MPRegen  0.2/turn               (no ring)

@: agile, berserking (expiring), resistant, flying, very slow
A: thin skeletal structure 1, blurry vision 1, screaming 1, shaggy fur 1
a: Bend Time, Renounce Religion


You were on level 8 of the Dungeon.
You worshipped Cheibriados.
Cheibriados was noncommittal.
You were hungry.

You visited 2 branches of the dungeon, and saw 9 of its levels.
You also visited: Sewer and Ossuary.

You collected 443 gold pieces.
You spent 110 gold pieces at shops.

Inventory:

Hand Weapons
 a - a +1 war axe (weapon)
Missiles
 p - 4 steel tomahawks (quivered)
Armour
 c - a +1 shield (worn)
 d - the +2 helmet of Jigsaw (worn) {rCorr Str+5}
   (You found it in a sewer)

   It affects your strength (+5).
   It protects you from acid and corrosion.
 v - a +3 chain mail of poison resistance (worn)
Jewellery
 h - a ring of poison resistance (left hand)
Scrolls
 b - a scroll of fear
 e - 3 scrolls of enchant weapon
 g - 3 scrolls of teleportation
 m - a scroll of holy word
 r - a scroll of immolation
 s - a scroll of amnesia
 u - 7 scrolls of remove curse
 w - a scroll of magic mapping
 x - a scroll of identify
Potions
 i - 3 potions of haste
 k - a potion of brilliance
 n - a potion of agility
 q - a potion of flight
 t - a potion of curing
Comestibles
 f - 3 bread rations
 l - 3 meat rations


   Skills:
 - Level 9.2 Fighting
 - Level 9.8 Axes
 - Level 6.2 Armour
 - Level 6.2 Shields
 + Level 4.4 Invocations


You had 8 spell levels left.
You didn't know any spells.

Dungeon Overview and Level Annotations

Branches:
Dungeon (8/15)             Temple (1/1) D:7
   Lair: D:8-11

Altars:
Ashenzari
Cheibriados
Dithmenos
Elyvilon
Fedhas
Gozag
Hepliaklqana
Kikubaaqudgha
Makhleb
Nemelex Xobeh
Okawaru
Qazlal
Ru
Sif Muna
Trog
Uskayaw
Vehumet
Xom
Yredelemnul
Zin
The Shining One

Shops:
D:5 [

Annotations:
D:8 flestrin's ghost, novice TrMo


Innate Abilities, Weirdness & Mutations

You have a somewhat thin skeletal structure. (Dex +2, Stealth)
Scrolls take you a little longer to read.
You occasionally shout uncontrollably at your foes.
You are covered in fur. (AC +1)


Message History

Flestrin's ghost is moderately damaged.
You block flestrin's ghost's attack.
Your shield and chain mail prevent you from hitting flestrin's ghost.
Flestrin's ghost is moderately damaged.
Flestrin's ghost whispers, "Meet the emptiness of death!"
You block flestrin's ghost's attack.
You closely miss flestrin's ghost.
Flestrin's ghost is moderately damaged.
Flestrin's ghost hits you!!
* * * LOW HITPOINT WARNING * * *
You slash flestrin's ghost!
Flestrin's ghost is moderately damaged.
Flestrin's ghost hits you but does no damage.
Your shield prevents you from hitting flestrin's ghost.
Flestrin's ghost is moderately damaged.
You block flestrin's ghost's attack.
You slash flestrin's ghost!
Flestrin's ghost is heavily damaged.
Flestrin's ghost hits you!!
You die...

#............
#.........!..
#............
#............
#............
#............
#####'######. #W#
#@# #.#
#.################
#............../.†
#.################
###


You could see flestrin's ghost.

Vanquished Creatures
  Purgy (Sewer)
  An orc warrior (D:7)
  2 sky beasts
  A phantom (D:7)
  An ogre (D:7)
  A centaur (D:7)
  3 bullfrogs
  A water moccasin zombie (Ossuary)
  8 killer bees
  2 crimson imps
  5 centaur zombies
  A bullfrog zombie (D:6)
  3 hounds
  A jelly (D:7)
  2 bullfrog skeletons
  3 orc priests
  4 orc wizards
  2 iguanas
  3 worker ants
  4 hound zombies
  15 mummies (Ossuary)
  6 worker ant zombies (Ossuary)
  8 gnolls
  6 adders
  A river rat (D:4)
  An adder zombie (Ossuary)
  An ooze (D:5)
  An adder skeleton (D:5)
  5 worms
  19 orcs
  10 giant cockroaches
  4 goblins
  5 hobgoblins
  9 jackals
  2 ball pythons (D:4)
  11 bats
  2 frilled lizards
  2 jackal zombies (Ossuary)
  7 kobolds
  A leopard gecko zombie (Ossuary)
  A quokka zombie (Ossuary)
  9 rats
175 creatures vanquished.

Vanquished Creatures (others)
  2 orc wizards (D:7)
  A withered plant (Ossuary)
3 creatures vanquished.

Grand Total: 178 creatures vanquished

Notes
Turn   | Place    | Note
-------+----------+-------------------------------------------
     0 | D:1      | Ijustatesigmund the Hill Orc Fighter began the quest for the Orb.
     0 | D:1      | Reached XP level 1. HP: 19/19 MP: 1/1
   166 | D:1      | Reached XP level 2. HP: 26/26 MP: 2/2
   634 | D:2      | Gained mutation: You have a somewhat thin skeletal structure. (Dex +2, Stealth) [potion of mutation]
   634 | D:2      | Gained mutation: You have a pair of small antennae on your head. [potion of mutation]
   790 | D:2      | Found a faded altar of an unknown god.
  1012 | D:2      | Reached XP level 3. HP: 30/31 MP: 3/3
  1469 | D:3      | Noticed a bullfrog
  1480 | D:2      | Killed a bullfrog
  1480 | D:2      | Reached skill level 5 in Axes
  1480 | D:2      | Reached XP level 4. HP: 27/41 MP: 4/4
  1486 | D:2      | Reached XP level 5. HP: 24/47 MP: 5/5
  1910 | D:2      | Reached skill level 5 in Fighting
  2186 | D:3      | Reached XP level 6. HP: 34/57 MP: 6/6
  2791 | D:3      | Found a bloodstained altar of Trog.
  2792 | D:3      | Found a deep blue altar of Sif Muna.
  3329 | D:4      | Found a glowing drain.
  3372 | Sewer    | Entered a sewer
  3381 | Sewer    | Reached XP level 7. HP: 36/64 MP: 7/7
  3639 | Sewer    | Noticed Purgy
  3645 | Sewer    | Killed Purgy
  3693 | Sewer    | Got an encrusted helmet
  3991 | D:4      | Found a shimmering altar of Xom.
  4489 | D:5      | Entered Level 5 of the Dungeon
  4529 | D:5      | Found Kiloaxt's Armour Boutique.
  4545 | D:5      | Bought a +0 chain mail of poison resistance for 110 gold pieces
  4671 | D:5      | HP: 2/66 [killer bee (4)]
  5051 | D:6      | Lost mutation: You have a pair of small antennae on your head. [potion of mutation]
  5051 | D:6      | Gained mutation: Scrolls take you a little longer to read. [potion of mutation]
  5051 | D:6      | Gained mutation: You are covered in fur. (AC +1) [potion of mutation]
  5057 | D:6      | Identified the +2 helmet of Jigsaw {rCorr Str+5} (You found it in a sewer)
  5163 | D:6      | Reached XP level 8. HP: 73/73 MP: 8/8
  5425 | D:6      | Found a burning altar of Makhleb.
  5586 | D:6      | Gained mutation: You occasionally shout uncontrollably at your foes. [mutagenic meat]
  5629 | D:7      | Reached skill level 5 in Shields
  5642 | D:7      | Reached skill level 5 in Armour
  5660 | D:7      | Found a sand-covered staircase.
  5683 | Ossuary  | Entered an ossuary
  6020 | Ossuary  | Reached XP level 9. HP: 38/82 MP: 9/9
  7098 | D:7      | Found a staircase to the Ecumenical Temple.
  7107 | Temple   | Entered the Ecumenical Temple
  7299 | Temple   | Became a worshipper of Cheibriados the Contemplative
  7469 | D:7      | Reached skill level 1 in Invocations
  7581 | D:8      | Noticed flestrin's ghost (novice TrMo)
  7742 | D:8      | HP: 5/124 [flestrin's ghost (18)]
  7745 | D:8      | Demolished by flestrin's ghost

Skill      XL: |  1  2  3  4  5  6  7  8  9 |
---------------+----------------------------+-----
Axes           | 3 4 5 6 7 8 9 |  9.8
Fighting       | 4 5 6 7 8 9 |  9.2
Shields        | 4 5 6 |  6.2
Armour         | 4 5 6 |  6.2
Invocations    | 4 |  4.4

Action                   |  1- 3 |  4- 6 |  7- 9 || total
-------------------------+-------+-------+-------++-------
Melee: War axe           |    88 |   144 |   431 ||   663
Throw: Tomahawk          |       |       |     4 ||     4
  Use: Scroll            |     5 |     6 |    15 ||    26
       Potion            |     1 |     5 |    10 ||    16
  Eat: Chunk             |     1 |     7 |     8 ||    16
       Fruit             |       |       |     5 ||     5
       Royal jelly       |       |       |     2 ||     2
Armor: Scale mail        |    50 |    46 |    24 ||   120
       Skin              |       |     6 |       ||     6
       Chain mail        |       |       |   150 ||   150
Dodge: Dodged            |    34 |    49 |    76 ||   159
Block: Shield            |    55 |    96 |   248 ||   399
